 Dungeon Crawl Stone Soup version 0.28.0-45-g0d030f2227 (webtiles) character file.

Game seed: 17124063358657274898

296 Mitsuki the Conjurer (level 6, -13/48 HPs)
             Began as a Deep Elf Conjurer on Apr 5, 2022.
             Mangled by Duvessa
             ... wielding a +0 short sword of electrocution
              (18 damage)
             ... on level 4 of the Dungeon.
             The game lasted 00:06:11 (3035 turns).

Mitsuki the Conjurer (Deep Elf Conjurer)            Turns: 3035, Time: 00:06:12

Health: -13/48     AC: 23    Str:  4    XL:     6   Next: 12%
Magic:  2/17       EV:  2    Int: 25    God:
Gold:   149        SH:  0    Dex: 13    Spells: 11/18 levels left

rFire   . . .      SeeInvis .   m - +2 spear (freeze)
rCold   . . .      Faith    .   (no shield)
rNeg    . . .      Spirit   .   (armour currently unavailable)
rPois   +          Reflect  .   (helmet currently unavailable)
rElec   .          Harm     .   (cloak currently unavailable)
rCorr   .          Rampage  .   (gloves currently unavailable)
Will    .....      NoTele   +   (boots currently unavailable)
Stlth   ++........              i - amulet of regeneration
HPRegen 0.96/turn               (no ring)
MPRegen 0.15/turn               (no ring)

@: tree-form
A: stationary, stasis, torment immunity, boosted hp
a: no special abilities


You were on level 4 of the Dungeon.
You were a tree.
You visited 1 branch of the dungeon, and saw 4 of its levels.

You collected 149 gold pieces.

Inventory:

Hand Weapons
 m - a +2 spear of freezing (weapon)
Armour
 a - a +0 robe (melded)
 c - a +0 cloak (melded)
Jewellery
 i - an amulet of regeneration (around neck)
Scrolls
 d - 2 scrolls of silence {unknown}
 e - a scroll of acquirement {unknown}
 g - a scroll of blinking {unknown}
 h - a scroll of identify {unknown}
 j - a scroll of enchant armour {unknown}
 k - a scroll of magic mapping {unknown}
Potions
 b - a potion of degeneration {unknown}
 f - a potion of brilliance {unknown}
 l - a potion of heal wounds {unknown}


   Skills:
 - Level 2.4 Dodging
 - Level 2.4 Stealth
 + Level 6.5 Spellcasting
 + Level 6.5 Conjurations


You had 11 spell levels left.
You knew the following spells:

 Your Spells              Type           Power      Damage    Failure   Level
a - Magic Dart            Conj           100%       1d8       1%          1
b - Searing Ray           Conj           80%        2d7       1%          2
c - Iskenderun's Mystic   Conj/Tloc      24%        2d7       19%         4

Your spell library contained the following spells:

 Spells                   Type           Power      Damage    Failure   Level
 Dazzling Flash           Conj/Hex       48%        N/A       5%          3
 Slow                     Hex            32%        N/A       7%          1
 Sting                    Tmut/Pois      32%        1d4       7%          1
 Poisonous Vapours        Pois/Air       16%        N/A       11%         2
 Fulminant Prism          Conj/Hex       12%        3d9       19%         4
 Confusing Touch          Hex            8%         N/A       22%         3
 Vampiric Draining        Necr           8%         2d6       22%         3
 Olgreb's Toxic Radiance  Pois           8%         N/A       56%         4
 Dispersal                Tloc           4%         N/A       100%        6
 Disjunction              Tloc           4%         N/A       100%        8


Dungeon Overview and Level Annotations

Branches:
Dungeon (4/15)
 Temple: D:4-7

Altars:
The Shining One

Annotations:
D:4 Duvessa


Message History

Ouch! That really hurt!
* * * LOW HITPOINT WARNING * * *
You have reached level 6!
You take 13 damage, and have 8/32 hp.
MASSIVE DAMAGE!!
You now have 8/17 mp.
Okay, then.
The searing ray hits Duvessa.
Duvessa is moderately wounded.
Duvessa hits you with a +0 short sword of electrocution.
* * * LOW HITPOINT WARNING * * *
You take 2 damage, and have 6/32 hp.
You now have 7/17 mp.
The searing ray hits Duvessa.
Duvessa is heavily wounded.
Duvessa hits you with a +0 short sword of electrocution.
* * * LOW HITPOINT WARNING * * *
Duvessa hits you with a +0 short sword of electrocution.
* * * LOW HITPOINT WARNING * * *
You take 5 damage, and have 1/32 hp.
The searing ray hits Duvessa!
Duvessa is severely wounded.
You finish channelling your searing ray.
Duvessa completely misses you.
You now have 6/17 mp.
Casting: Searing Ray (safe; 1% risk of failure)
Confirm with . or Enter, or press ? or * to list all spells.
The spell is extremely dangerous to miscast (19% risk of failure)!
Continue anyway?
You erupt in a blast of force!
The mystic blast hits Duvessa.
Duvessa is severely wounded.
Duvessa is knocked back by the mystic blast.
* * * LOW MAGIC WARNING * * *
You now have 2/17 mp.
Casting: Iskenderun's Mystic Blast (extremely dangerous; 19% risk of failure)
Confirm with . or Enter, or press ? or * to list all spells.
You don't have enough magic to cast this spell.
It was a potion of lignification.
You turn into a tree.
Your +0 cloak melds into your body.
Your +0 robe melds into your body.
Your roots penetrate the ground.
Duvessa hits you with a +0 short sword of electrocution.
* * * LOW HITPOINT WARNING * * *
You are electrocuted!!
You die...

.. #. #. #.##
#..# ## #..#
####..#
.#####..###♣e..#
.......[.....#$.#
#####...##### #
##.## ..# # ##.#
..##. #[.# #.
#.... #..# #.##
##.... .######..#
#..#####.....
.........##
##............


You could see Duvessa (berserk).

Vanquished Creatures
  Dowan (D:4)
  A bullfrog zombie (D:3)
  A gnoll shaman (D:3)
  2 adders
  10 gnolls (D:3)
  3 worms
  An orc (D:3)
  4 bats
  3 endoplasms (D:1)
  2 giant cockroaches
  13 goblins
  5 hobgoblins
  2 jackals (D:3)
  A quokka (D:2)
  4 ball pythons
  7 frilled lizards
  4 kobolds
  6 rats
70 creatures vanquished.

Notes
Turn   | Place    | Note
-------+----------+-------------------------------------------
     0 | D:1      | Mitsuki the Deep Elf Conjurer began the quest for the Orb.
     0 | D:1      | Reached XP level 1. HP: 10/10 MP: 6/6
     6 | D:1      | Noticed a komodo dragon
     6 | D:1      | Noticed a wolf
     6 | D:1      | Noticed a salamander
     7 | D:1      | Noticed a polar bear
   179 | D:1      | Reached XP level 2. HP: 15/15 MP: 3/8
   232 | D:1      | Learned a level 2 spell: Searing Ray
   880 | D:1      | Found a faded altar of an unknown god.
  1111 | D:2      | Reached skill level 5 in Conjurations
  1111 | D:2      | Reached XP level 3. HP: 19/19 MP: 4/10
  1947 | D:3      | Found a glowing golden altar of the Shining One.
  1993 | D:3      | Reached skill level 5 in Spellcasting
  1993 | D:3      | Reached XP level 4. HP: 24/24 MP: 3/13
  2072 | D:3      | Learned a level 4 spell: Iskenderun's Mystic Blast
  2263 | D:3      | Reached XP level 5. HP: 26/28 MP: 8/14
  3025 | D:4      | Noticed Dowan
  3028 | D:4      | Noticed Duvessa
  3030 | D:4      | Killed Dowan
  3031 | D:4      | Reached XP level 6. HP: 8/32 MP: 8/17
  3032 | D:4      | HP: 1/32 [Duvessa/+0 short sword of electrocution (2)]
  3035 | D:4      | Mangled by Duvessa

Illustrated notes

Levels and vault maps discovered:
D:1:      onia_arrival_zoo_common, layout_loops_ring,
          dilly_ecumenical_altar_fadedgnrine
D:2:      layout_rooms
D:3:      layout_rooms, tso_metal_star
D:4:      layout_layer_cave, mainiacjoe_overflow_big_doors, uniq_eustachio,
          uniq_duvessa, uniq_crazy_yiuf_cottage, uniq_pikel

Skill      XL: |  1  2  3  4  5 |
---------------+----------------+-----
Spellcasting   | 4 5 6 |  6.5
Conjurations   | 5 6 |  6.5
Dodging        | |  2.4
Stealth        | |  2.4

Action                   |  1- 3 |  4- 6 || total
-------------------------+-------+-------++-------
Melee: Hand axe          |       |     5 ||     5
 Cast: Magic Dart        |    90 |    50 ||   140
       Searing Ray       |     2 |     6 ||     8
       Iskenderun's Myst |       |     1 ||     1
  Use: Potion            |       |     1 ||     1
Armor: Robe              |     2 |     1 ||     3
Dodge: Dodged            |     4 |     9 ||    13
